 Dungeon Crawl Stone Soup version 0.26-a0-651-gb41185065b (webtiles) character file.

Game seed: 4284775637990398975

2769 Flugslaktarn the Cleaver (level 9, -1/86 HPs)
             Began as a Deep Dwarf Fighter on Oct 6, 2020.
             Was a Believer of Makhleb.
             Slain by a death knight
             ... wielding a +4 battleaxe of draining
              (2 damage)
             ... on level 8 of the Dungeon.
             The game lasted 00:02:16 (3558 turns).

Flugslaktarn the Cleaver (Deep Dwarf Fighter)       Turns: 3558, Time: 00:02:16

Health: -1/86      AC:  9    Str: 23    XL:     9   Next: 42%
Magic:  9/9        EV:  5    Int:  9    God:    Makhleb [**....]
Gold:   231        SH: 13    Dex: 12    Spells: 8/8 levels left

rFire    . . .     SeeInvis .   a - +1 war axe
rCold    . . .     Faith    .   v - +3 kite shield
rNeg     . . .     Spirit   .   m - +0 chain mail
rPois    .         Reflect  .   (no helmet)
rElec    .         Harm     .   (no cloak)
rCorr    .         Rampage  .   (no gloves)
MR       +....                  (no boots)
Stlth    ..........             (no amulet)
HPRegen  0.00/turn              (no ring)
MPRegen  0.11/turn              (no ring)

@: mighty, non-regenerating, heavily drained
A: damage resistance, heal wounds, sense surroundings 2, no regeneration
a: Heal Wounds, Minor Destruction, Renounce Religion


You were on level 8 of the Dungeon.
You worshipped Makhleb.
Makhleb was pleased with you.
You visited 2 branches of the dungeon, and saw 9 of its levels.

You collected 231 gold pieces.

Inventory:

Hand Weapons
 a - a +1 war axe (weapon)
Missiles
 j - a throwing net (quivered)
Armour
 c - a +0 kite shield
 m - a +0 chain mail (worn)
   (You found it on level 5 of the Dungeon)
 v - a +3 kite shield (worn)
   (You found it on level 7 of the Dungeon)
Jewellery
 b - an uncursed ring of resist corrosion {unknown}
   (You found it on level 5 of the Dungeon)
 e - an uncursed ring of poison resistance {unknown}
   (You found it on level 8 of the Dungeon)
 k - an uncursed amulet of reflection {unknown}
   (You found it on level 5 of the Dungeon)
Scrolls
 h - a scroll of enchant weapon
 l - a scroll of magic mapping {unknown}
 n - 2 scrolls of enchant armour
 r - a scroll of identify
 t - a scroll of teleportation
 x - a scroll of remove curse
Potions
 f - 4 potions of degeneration
 g - 4 potions of lignification
 i - a potion of magic
 o - 2 potions of flight
 q - 4 potions of curing


   Skills:
 * Level 7.1(4.4) Fighting
 * Level 8.2(5.4) Axes
 + Level 6.4(3.7) Armour
 + Level 6.5(3.8) Shields
 + Level 4.5(2.0) Invocations


You had 8 spell levels left.
You didn't know any spells.
Your spell library was empty.

Dungeon Overview and Level Annotations

Branches:
Dungeon (8/15)             Temple (1/1) D:5
   Lair: D:8-11

Altars:
Ashenzari
Cheibriados
Dithmenos
Fedhas
Gozag
Hepliaklqana
Makhleb
Nemelex Xobeh
Okawaru
Ru
Uskayaw
Vehumet
Wu Jian
Xom
Yredelemnul
Zin
The Shining One

Shops:
D:5 ([=

Annotations:
D:8 4 runed translucent doors


Innate Abilities, Weirdness & Mutations

You are resistant to damage.
You can heal yourself by infusing magical energy.
You passively map the area around you.
You do not regenerate.


Message History

The death knight is moderately wounded.
You slash the death knight!
The death knight is heavily wounded.
The death knight hits you with a +4 battleaxe of draining!
You feel drained.
The death knight offers itself to Yredelemnul, and fills with unholy energy.
You barely miss the death knight.
The death knight is heavily wounded.
The death knight hits you with a +4 battleaxe of draining!!
You feel drained.
* * * LOW HITPOINT WARNING * * *
You are too injured to fight recklessly!
You hit the death knight.
The death knight is heavily wounded.
The death knight reflects your damage back at you!
* * * LOW HITPOINT WARNING * * *
The death knight hits you with a +4 battleaxe of draining!!
* * * LOW HITPOINT WARNING * * *
You feel drained.
You die...

#.#######.#...###
* *,
#...............#
, , *
..#######....>..
* **# ,, * ###
.....,*,**, .. ,
, #...### .. , ,
#.....####.#, * *
* #)##...). ,
###)##...# * *
#.†.##.@# ,,** ,
##.#.###p# *# *,
##........##.# *
*, #..##++##.'.#
, * *
#.##8WR8#####, *
* , #.#8....8# ,
, ##.#)....$# *
*** ,,, ,
#######..#[....}#
* *** *
.........#8....8#
, *


You could see a death knight (reflects damage).

Vanquished Creatures
  Pikel (D:4)
  A hippogriff (D:7)
  A wyvern (D:8)
  An ice beast (D:8)
  A black bear (D:8)
  4 ogres
  A centaur (D:5)
  A gnoll sergeant (D:8)
  A wyvern zombie (D:8)
  A scorpion (D:5)
  2 wyvern skeletons
  3 wights (D:8)
  6 howler monkeys
  A jelly (D:6)
  An orc priest (D:5)
  A gnoll shaman (D:7)
  A bullfrog skeleton (D:4)
  A hound (D:8)
  3 orc wizards
  4 iguanas
  4 worker ants
  A hound zombie (D:7)
  A worker ant zombie (D:8)
  11 gnolls
  7 adders
  A shadow imp (D:8)
  2 white imps
  2 ufetubi
  An ooze (D:5)
  2 adder skeletons
  A worm (D:3)
  3 leopard geckos
  16 orcs
  2 giant cockroaches (D:7)
  A goblin (D:1)
  2 hobgoblins
  3 jackals (D:2)
  2 quokkas
  A bat (D:2)
  2 frilled lizards
  A giant cockroach zombie (D:5)
  A leopard gecko skeleton (D:5)
  A rat (D:3)
104 creatures vanquished.

Notes
Turn   | Place    | Note
-------+----------+-------------------------------------------
     0 | D:1      | Flugslaktarn the Deep Dwarf Fighter began the quest for the
                  | Orb.
     0 | D:1      | Reached XP level 1. HP: 20/20 MP: 1/1
    61 | D:2      | Reached XP level 2. HP: 25/27 MP: 2/2
   109 | D:3      | Reached XP level 3. HP: 32/34 MP: 3/3
   139 | D:3      | Reached skill level 3 in Axes
   343 | D:4      | Reached XP level 4. HP: 38/42 MP: 4/4
   366 | D:5      | Entered Level 5 of the Dungeon
   429 | D:5      | Reached XP level 5. HP: 37/50 MP: 5/5
   472 | D:5      | Noticed a centaur
   488 | D:5      | Killed a centaur
   488 | D:5      | Reached skill level 4 in Axes
   646 | D:4      | Reached XP level 6. HP: 49/57 MP: 4/4
   732 | D:4      | Noticed Pikel
   760 | D:4      | Killed Pikel
   760 | D:4      | Reached skill level 5 in Fighting
   760 | D:4      | Reached skill level 5 in Axes
   760 | D:4      | Reached skill level 5 in Armour
   760 | D:4      | Reached skill level 5 in Shields
   760 | D:4      | Reached XP level 7. HP: 54/67 MP: 4/4
   804 | D:4      | Found a glowing silver altar of Zin.
   944 | D:5      | Found Gazyxt's Armour Boutique.
   970 | D:5      | Found a staircase to the Ecumenical Temple.
   984 | Temple   | Entered the Ecumenical Temple
  1128 | Temple   | Became a worshipper of Makhleb the Destroyer
  1151 | D:5      | Found a sparkling altar of Nemelex Xobeh.
  1160 | D:5      | Reached skill level 6 in Axes
  1326 | D:5      | Found Biwniar's Jewellery Emporium.
  1421 | D:5      | Found Furgham's Antique Weapon Shoppe.
  1463 | D:5      | Reached XP level 8. HP: 73/75 MP: 5/5
  1505 | D:5      | Reached skill level 1 in Invocations
  1957 | D:6      | Reached * piety under Makhleb
  1964 | D:6      | Found the +6 arbalest "Damnation" {damnation}
  2526 | D:7      | Noticed a hippogriff
  2535 | D:7      | Killed a hippogriff
  2535 | D:7      | Reached skill level 7 in Axes
  3221 | D:8      | Gained mutation: You passively map the area around you.
                  | [Deep Dwarf growth]
  3221 | D:8      | Reached XP level 9. HP: 67/85 MP: 8/8
  3340 | D:8      | Reached ** piety under Makhleb
  3483 | D:8      | Found a large runed translucent door.
  3483 | D:8      | Noticed an efreet
  3484 | D:8      | Found a large runed translucent door.
  3486 | D:8      | Found a large runed translucent door.
  3486 | D:8      | Found a large runed translucent door.
  3499 | D:8      | Reached skill level 8 in Axes
  3543 | D:8      | Noticed a death knight
  3558 | D:8      | HP: 1/86 [death knight/+4 battleaxe of draining (20)]
  3558 | D:8      | Slain by a death knight

Illustrated notes

Levels and vault maps discovered:
D:1:      grunt_arrival_crossed_arrows, layout_loops_corners, nrook_mini_vaults,
          minmay_worlds_worst_comb
D:2:      layout_loops_corners, grunt_temple_overflow_open,
          chequers_ecumenical_altar_island, minmay_misc_feat_pillars
D:3:      layout_basic
D:4:      layout_basic, zin_academy, minmay_misc_feat_secret_circle,
          kennysheep_pointless_box, minmay_box_of_dots, uniq_pikel
D:5:      layout_gridville, nemelex_xobeh_ov_fountains_minmay,
          minmay_temple_entry_proselytizer, serial_shops, shop, shop,
          kennysheep_mini_moat
D:6:      layout_basic
D:7:      layout_gridville
D:8:      layout_loops_ring, nicolae_overflow_hidden_temple,
          minmay_hollow_rounded_squares
Temple:   regret_index_temple_waves

Skill      XL: |  1  2  3  4  5  6  7  8  9 |
---------------+----------------------------+-----
Fighting       | 3 4 5 6 7 |  7.1
Axes           | 3 4 5 6 7 8 |  8.2
Shields        | 4 5 6 |  6.5
Armour         | 4 5 6 |  6.4
Invocations    | 3 4 |  4.5

Action                   |  1- 3 |  4- 6 |  7- 9 || total
-------------------------+-------+-------+-------++-------
Melee: War axe           |    46 |    75 |   320 ||   441
 Abil: Heal Wounds       |     1 |     7 |     7 ||    15
  Use: Scroll            |       |       |    13 ||    13
       Potion            |       |       |     1 ||     1
Armor: Scale mail        |    18 |    10 |       ||    28
       Chain mail        |       |    26 |   114 ||   140
Dodge: Dodged            |    16 |    23 |    71 ||   110
Block: Kite shield       |    25 |    37 |   201 ||   263

Table legend: (Time is in decaauts)
 A = Elapsed time spent in this place.
 B = Non-inter-level travel time spent in this place.
 C = Inter-level travel time spent in this place.
 D = Time resting spent in this place.
 E = Time spent auto-exploring this place.
 F = Levels seen in this place.
 G = Mean time per level.
                   A        B        C        D        E       F      G
               +--------+--------+--------+--------+--------+-----+--------+
         Total |   3684 |   3356 |    328 |      0 |   2505 |   9 |  409.3 |
       Dungeon |   3520 |   3230 |    290 |      0 |   2382 |   8 |  440.0 |
        Temple |    164 |    126 |     38 |      0 |    123 |   1 |  164.0 |
               +--------+--------+--------+--------+--------+-----+--------+

Top non-repeatable levels by time:
     D:7: 802 daAuts
     D:5: 797 daAuts
     D:6: 725 daAuts
     D:4: 506 daAuts
     D:8: 457 daAuts
  Temple: 164 daAuts
     D:3: 124 daAuts
     D:1: 58 daAuts
     D:2: 46 daAuts
